[Event "Hasselbacken Open 2021"]
[Site "Stockholm"]
[Date "2021.11.05"]
[Round "3.10"]
[White "Engstrom, Kaj"]
[Black "Thorn, Eric"]
[Result "0-1"]
[ECO "C56"]
[WhiteElo "2142"]
[BlackElo "2313"]
[Annotator "ChessBase"]
[PlyCount "56"]
[EventDate "2021.11.05"]
[EventType "swiss"]
[EventCountry "SWE"]
[SourceTitle "playchess.com"]
[Source "ChessBase"]
[SourceQuality "1"]
[TimeControl "900+5"]

1. e4 e5 2. d4 exd4 3. Bc4 Nf6 4. Nf3 Nc6 5. O-O Nxe4 6.
Re1 d5 7. Bxd5 Qxd5 8. Nc3 Qh5 9. Nxe4 Be6 10. Bg5 Bd6 11.
Nxd6+ cxd6 12. Bf4 Qd5 13. c3 Qf5 14. Bxd6 O-O-O 15. Be5 dxc3 16. Qe2 Nxe5 17. Nxe5 Rd2 18. Qe3 cxb2 19. Rab1 Qc2 20. Qxa7 Rhd8 21. Qa8+ Kc7 22. Qa5+ Kb8 23. Nf3 R2d5 24. Qb4 Qxb1 25. Rxb1 Rd1+ 26. Ne1 Rxb1 27. Kf1 Bc4+ 28. Qxc4 Rxe1+ 0-1

[Event "Hasselbacken Open 2021"]
[Site "Stockholm"]
[Date "2021.11.05"]
[Round "2.5"]
[White "Akesson, Ralf"]
[Black "Krivenko, Dion"]
[Result "1/2-1/2"]
[ECO "E90"]
[WhiteElo "2385"]
[BlackElo "2032"]
[Annotator "ChessBase"]
[PlyCount "141"]
[EventDate "2021.11.05"]
[EventType "swiss"]
[EventCountry "SWE"]
[SourceTitle "playchess.com"]
[Source "ChessBase"]
[SourceQuality "1"]
[TimeControl "900+5"]

1. Nf3 Nf6 2. c4 g6 3. Nc3 Bg7 4. e4 d6 5. d4 O-O 6. h3 e5 7. d5 Nbd7 8. Be3 Nh5 9. Nd2 a5 10. Qc2 f5 11. f3 Ng3 12. Rg1 fxe4 13.
Ndxe4 Nf5 14. Bg5 Nd4 15. Qd3 Qe8 16. O-O-O Nc5 17. Nxc5 dxc5 18. Qd2 a4 19. Bd3 a3 20. b3 Bd7 21. Rge1 b5 22. cxb5 Nxb5 23. Nxb5 Bxb5 24. Bxb5 Qxb5 25. Qd3 c4 26. Qxc4 Qxc4+ 27. bxc4 Ra4 28. Re4 Rb8 29. Rd2 Rab4 30. Rc2 Rb1+ 31. Kd2 R8b2 32. c5 Rxc2+ 33. Kxc2 Rb2+ 34. Kd3 Rxg2 35. Bd2 Kf7 36. Ra4 Rg3 37. Ke2 Rg2+ 38. Kd1 Rg1+ 39. Kc2 Rg2 40. Rxa3 Bh6 41. Rd3 Rh2 42. a4 Bxd2 43. Rxd2 Rxh3 44. Rd3 Rh2+ 45. Kb3 Rh1 46. a5 Ra1 47. Kb4 h5 48. Kb5 Ke7 49. Rd2 Kd7 50. Rg2 Rb1+ 51. Ka6 Rc1 52. c6+ Kd6 53. Rxg6+ Kxd5 54. Kb7 h4 55. Kxc7 h3 56. Rd6+ Kc5 57. Rh6 Kb5 58. Kb7 Kxa5 59. Rxh3 Rb1+ 60. Kc7 Rb3 61. Rh5 Rxf3 62. Rxe5+ Ka6 63. Re7 Rc3 64. Re4 Rf3 65. Re7 Rc3 66. Kd7 Kb6 67. Re6 Rc1 68. Rd6 Rc2 69. Rd4 Rxc6 70. Rb4+ Kc5 71. Rc4+ 1/2-1/2

[Event "Hasselbacken Open 2021"]
[Site "Stockholm"]
[Date "2021.11.05"]
[Round "2.6"]
[White "Petersson, Kjell"]
[Black "Lindberg, Bengt"]
[Result "0-1"]
[ECO "D02"]
[WhiteElo "2025"]
[BlackElo "2378"]
[Annotator "ChessBase"]
[PlyCount "45"]
[EventDate "2021.11.05"]
[EventType "swiss"]
[EventCountry "SWE"]
[SourceTitle "playchess.com"]
[Source "ChessBase"]
[SourceQuality "1"]
[TimeControl "900+5"]

1. d4 Nf6 2. Bf4 e6 3. e3 d5 4. Nd2 c5 5. c3 Bd6 6. Bg3 Qc7 7. Ngf3 Nbd7 8. Bd3 O-O 9. Bxd6 Qxd6 10. O-O e5 11. dxe5 Nxe5 12. Nxe5 Qxe5 13. Nf3 Qc7 14. h3 b6 15. Qa4 h6 16. Qh4 Re8 17. g4 Bb7 18. g5 hxg5 19. Nxg5 g6 20. Qh6 Re5 21. h4 Qe7 22. Kh2 Ng4+ 23. Kg1 0-1

[Event "Hasselbacken Open 2021"]
[Site "Stockholm"]
[Date "2021.11.05"]
[Round "2.7"]
[White "Sorensen, Hampus"]
[Black "Troberg Eskola, Love"]
[Result "1-0"]
[ECO "D25"]
[WhiteElo "2377"]
[BlackElo "2026"]
[Annotator "ChessBase"]
[PlyCount "39"]
[EventDate "2021.11.05"]
[EventType "swiss"]
[EventCountry "SWE"]
[SourceTitle "playchess.com"]
[Source "ChessBase"]
[SourceQuality "1"]
[TimeControl "900+5"]

1. d4 d5 2. c4 dxc4 3. Nf3 Nf6 4. e3 b5 5. a4 b4 6. Bxc4 e6 7. O-O Bb7 8. b3 Nbd7 9. Bb2 c5 10. Nbd2 Be7 11. dxc5 Qc7 12. Rc1 Bxc5 13. Bxf6 gxf6 14. Bb5 Rc8 15. Rxc5 Qxc5 16. Bxd7+ Ke7 17. Bxc8 Rxc8 18. Qe2 a6 19. Qc4 Qh5 20. Qxb4+ 1-0

[Event "Hasselbacken Open 2021"]
[Site "Stockholm"]
[Date "2021.11.05"]
[Round "2.8"]
[White "Jiretorn, Eva"]
[Black "Lindgren, Philip"]
[Result "0-1"]
[ECO "E01"]
[WhiteElo "2014"]
[BlackElo "2357"]
[Annotator "ChessBase"]
[PlyCount "48"]
[EventDate "2021.11.05"]
[EventType "swiss"]
[EventCountry "SWE"]
[SourceTitle "playchess.com"]
[Source "ChessBase"]
[SourceQuality "1"]
[TimeControl "900+5"]

1. d4 Nf6 2. c4 e6 3. Nf3 d5 4. g3 Bb4+ 5. Bd2 Bd6 6. Nc3 c6 7. Bg2 Nbd7 8.
O-O dxc4 9. e4 e5 10. a4 O-O 11. Qe2 exd4 12. Nxd4 Ne5 13. Kh1 Bc5 14. Nf3 Bg4 15. Be3 Bxe3 16. Qxe3 Bxf3 17. Bxf3 Nxf3 18. Qxf3 Re8 19. Rfd1 Qb6 20. Rd2 Qc5 21. Qe2 h6 22. f3 Rad8 23. Rad1 Rxd2 24. Qxd2 b5 0-1

[Event "Hasselbacken Open 2021"]
[Site "Stockholm"]
[Date "2021.11.05"]
[Round "2.9"]
[White "Kucuksari, Kaan"]
[Black "Lacko, Pavel"]
[Result "1-0"]
[ECO "E00"]
[WhiteElo "2331"]
[BlackElo "2022"]
[Annotator "broadcasts"]
[PlyCount "47"]
[EventDate "2021.11.05"]
[EventType "swiss"]
[EventCountry "SWE"]
[TimeControl "900+5"]

1. d4 Nf6 2. c4 e6 3. g3 Bb4+ 4. Bd2 Qe7 5. Bg2 a5 6. e4 Nc6 7. Ne2 O-O 8. O-O d6 9. Bg5 a4 10. a3 Ba5 11. e5 dxe5 12. Bxc6 bxc6 13. dxe5 Qc5 14. Bxf6 gxf6 15. exf6 Qe5 16. Nbc3 Bxc3 17. Nxc3 Qxf6 18. Nxa4 Rxa4 19. Qxa4 e5 20. c5 Bh3 21. Rfe1 Rd8 22. Qh4 Qxh4 23. gxh4 Rd2 24. a4 1-0

[Event "Hasselbacken Open 2021"]
[Site "Stockholm"]
[Date "2021.11.05"]
[Round "2.10"]
[White "Moborn, Anders"]
[Black "Bellon Lopez, Juan Manuel"]
[Result "0-1"]
[ECO "A58"]
[WhiteElo "1993"]
[BlackElo "2326"]
[Annotator "ChessBase"]
[PlyCount "68"]
[EventDate "2021.11.05"]
[EventType "swiss"]
[EventCountry "SWE"]
[SourceTitle "playchess.com"]
[Source "ChessBase"]
[SourceQuality "1"]
[TimeControl "900+5"]

1. d4 Nf6 2. c4 a6 3. Nc3 c5 4. d5 b5 5. cxb5 Qa5 6. bxa6 Bxa6 7. e3 Bxf1 8.
Kxf1 g6 9. g3 Bg7 10. h3 d6 11. Nf3 O-O 12. Kg2 Nbd7 13. Re1 Rfb8 14. Re2 Ne8 15. e4 Bxc3 16. bxc3 Qxc3 17. Bg5 f6 18. Be3 Ra3 19. Qc1 Qxc1 20. Rxc1 Rb4 21. Bh6 Kf7 22. Rcc2 Raa4 23. Nd2 g5 24. h4 Kg6 25. hxg5 fxg5 26. Bxg5 Kxg5 27. f4+ Kf6 28. g4 e5 29. g5+ Kg6 30. f5+ Kxg5 31. Re3 Ndf6 32. Rg3+ Ng4 33. Kh3 h5 34. Nf3+ Kh6 0-1

[Event "Hasselbacken Open 2021"]
[Site "Stockholm"]
[Date "2021.11.05"]
[Round "1.6"]
[White "Lindberg, Bengt"]
[Black "Sparv, Joakim"]
[Result "1-0"]
[ECO "B90"]
[WhiteElo "2378"]
[BlackElo "1846"]
[Annotator "ChessBase"]
[PlyCount "105"]
[EventDate "2021.11.05"]
[EventType "swiss"]
[EventCountry "SWE"]
[SourceTitle "playchess.com"]
[Source "ChessBase"]
[SourceQuality "1"]
[TimeControl "900+5"]

1. e4 c5 2. Nf3 d6 3. d4 cxd4 4. Nxd4 Nf6 5. Nc3 a6 6. Be3 e5 7. Nb3 Be6 8. f3 Be7 9. Qd2 O-O 10. O-O-O b5 11. g4 b4 12. Nd5 Bxd5 13.
exd5 Qc7 14. g5 Nfd7 15. Qxb4 Rc8 16. Bd3 a5 17. Qa4 Nb6 18. Qe4 g6 19. a4 Nc4 20. h4 Na6 21. Bxc4 Qxc4 22. Qxc4 Rxc4 23. Nxa5 Rxa4 24. Nc6 Bf8 25. c3 Nb8 26. Nb4 h5 27. Kc2 Nd7 28.
Rb1 f5 29. b3 R4a5 30. Rhd1 f4 31. Bg1 Nc5 32. Bxc5 Rxc5 33. c4 Rca5 34. Nc6 Ra3 35. Rd3 Kf7 36. b4 R3a4 37. Rdb3 Be7 38. Kd3 Ra2 39. R1b2 Ra1 40. c5 Rh1 41. b5 Rxh4 42. b6 Rh3 43. b7 Rxf3+ 44. Ke2 Rxb3 45. Rxb3 Rh8 46. b8=Q Rxb8 47. Rxb8 Bxg5 48. cxd6 e4 49. d7 f3+ 50. Kf2 Bh4+ 51. Ke3 f2 52. Rb1 g5 53. d8=Q 1-0

[Event "Hasselbacken Open 2021"]
[Site "Stockholm"]
[Date "2021.11.05"]
[Round "1.7"]
[White "Ranby, Hans"]
[Black "Sorensen, Hampus"]
[Result "0-1"]
[ECO "A12"]
[WhiteElo "1838"]
[BlackElo "2377"]
[Annotator "ChessBase"]
[PlyCount "81"]
[EventDate "2021.11.05"]
[EventType "swiss"]
[EventCountry "SWE"]
[SourceTitle "playchess.com"]
[Source "ChessBase"]
[SourceQuality "1"]
[TimeControl "900+5"]

1. Nf3 d5 2. e3 Nf6 3. c4 c6 4. b3 Bg4 5. Bb2 e6 6. Be2 Nbd7 7. Nc3 Bd6 8. O-O O-O 9. d4 Re8 10. Qc2 a6 11. Rac1 Rc8 12. Qb1 Qe7 13.
Rfd1 dxc4 14. bxc4 e5 15. d5 e4 16. Nd4 c5 17. Nb3 Qe5 18.
g3 Bxe2 19. Nxe2 Qh5 20. Nf4 Bxf4 21. exf4 Ng4 22. h4 e3 23. f3 Nf2 24. Kg2 Nxd1 25. Rxd1 b5 26. Qc1 e2 27. Qc3 Qg6 28.
Re1 bxc4 29. Qxc4 Nb6 30. Qxa6 Nxd5 31. Qxg6 hxg6 32. Nc1 Rb8 33. Ba3 Ne3+ 34. Kf2 Nc2 35. Bxc5 Nxe1 36. Kxe1 Rb1 37. Ba3 Ra8 38. Bd6 Rxc1+ 39. Kxe2 Rxa2+ 40. Ke3 Re1+ 41. Kd4 0-1

[Event "Hasselbacken Open 2021"]
[Site "Stockholm"]
[Date "2021.11.05"]
[Round "1.8"]
[White "Lindgren, Philip"]
[Black "Andersson, Bjorn"]
[Result "1-0"]
[ECO "E18"]
[WhiteElo "2357"]
[BlackElo "2281"]
[Annotator "ChessBase"]
[PlyCount "89"]
[EventDate "2021.11.05"]
[EventType "swiss"]
[EventCountry "SWE"]
[SourceTitle "playchess.com"]
[Source "ChessBase"]
[SourceQuality "1"]
[TimeControl "900+5"]

1. d4 e6 2. c4 d5 3. Nf3 Nf6 4. g3 Be7 5. Bg2 O-O 6. O-O b6 7. Ne5 Bb7 8. Nc3 Nbd7 9. Qa4 Nxe5 10. dxe5 Ne4 11. Nxe4 dxe4 12. Rd1 Qe8 13. Qc2 Qc6 14. Be3 Rfd8 15. Bd4 a5 16. e3 a4 17. Rac1 f5 18. exf6 Bxf6 19. Bxf6 gxf6 20. Qe2 f5 21. Qh5 Rd6 22. Qg5+ Kf7 23. Bf1 Rg8 24. Qh6 Rg7 25. Be2 Kg8 26. Qf6 Qe8 27. Rxd6 cxd6 28. Rd1 Qd7 29. Qd4 d5 30. Qxb6 Re7 31. cxd5 Bxd5 32. Bc4 Qb7 33. Qd8+ Kg7 34. Bxd5 exd5 35. Rxd5 Qc7 36. Qxc7 Rxc7 37. Rxf5 Rc2 38. Ra5 Rxb2 39. Rxa4 h6 40. Rxe4 Rxa2 41. Kg2 Kg6 42. Rb4 h5 43. h3 Rc2 44. g4 h4 45. Rb6+ 1-0

[Event "Hasselbacken Open 2021"]
[Site "Stockholm"]
[Date "2021.11.05"]
[Round "3.5"]
[White "Lindberg, Bengt"]
[Black "Adler, Bo"]
[Result "1-0"]
[ECO "C80"]
[WhiteElo "2378"]
[BlackElo "2137"]
[Annotator "ChessBase"]
[PlyCount "35"]
[EventDate "2021.11.05"]
[EventType "swiss"]
[EventCountry "SWE"]
[SourceTitle "playchess.com"]
[Source "ChessBase"]
[SourceQuality "1"]
[TimeControl "900+5"]

1. e4 e5 2. Nf3 Nc6 3. Bb5 a6 4. Ba4 Nf6 5. O-O Nxe4 6. d4 b5 7. Bb3 d5 8. dxe5 Be6 9. Nbd2 Nc5 10. c3 d4 11. Bxe6 Nxe6 12. cxd4 Ncxd4 13. a4 Be7 14. Nxd4 Nxd4 15. Qg4 Ne6 16. Rd1 O-O 17. Ne4 Qc8 18.
Be3 1-0

[Event "Hasselbacken Open 2021"]
[Site "Stockholm"]
[Date "2021.11.05"]
[Round "1.9"]
[White "Gudmundsson, Gunnar Erik"]
[Black "Kucuksari, Kaan"]
[Result "0-1"]
[ECO "E32"]
[WhiteElo "1834"]
[BlackElo "2331"]
[Annotator "broadcasts"]
[PlyCount "82"]
[EventDate "2021.11.05"]
[EventType "swiss"]
[EventCountry "SWE"]
[TimeControl "900+5"]

1. d4 Nf6 2. c4 e6 3. Nc3 Bb4 4. Qc2 O-O 5. Bg5 d6 6. e3 b6 7. Bd3 h6 8. Bh4 Bb7 9. f3 c5 10. Nge2 cxd4 11. exd4 d5 12. cxd5 Bxd5 13. O-O Be7 14. Ne4 Nc6 15. Qa4 a6 16. a3 b5 17. Qd1 Na5 18. b4 Nc4 19. Bf2 Nb2 20. Qd2 Nxd3 21. Qxd3 Bc4 22. Qd2 a5 23. Nc5 axb4 24. axb4 Nd5 25. Rfc1 Bg5 26. f4 Be7 27. Ng3 Nf6 28. Re1 Ng4 29. f5 Bg5 30. Qc2 Nxf2 31.
Qxf2 Rxa1 32. Rxa1 Bf6 33.
Rd1 exf5 34. Nxf5 Re8 35. h3 Bd5 36. Ne3 Ba8 37. Ng4 Bh4 38.
Qf1 Qd5 39. Rd2 Re1 40. Qxe1 Bxe1 41. Re2 Bg3 0-1

[Event "Hasselbacken Open 2021"]
[Site "Stockholm"]
[Date "2021.11.05"]
[Round "3.6"]
[White "Lind, Jan-Olov"]
[Black "Sorensen, Hampus"]
[Result "0-1"]
[ECO "C44"]
[WhiteElo "2196"]
[BlackElo "2377"]
[Annotator "ChessBase"]
[PlyCount "76"]
[EventDate "2021.11.05"]
[EventType "swiss"]
[EventCountry "SWE"]
[SourceTitle "playchess.com"]
[Source "ChessBase"]
[SourceQuality "1"]
[TimeControl "900+5"]

1. e4 e5 2. Nf3 Nc6 3. d4 exd4 4. c3 Nf6 5. e5 Nd5 6. cxd4 Bb4+ 7. Bd2 Bxd2+ 8. Nbxd2 d6 9. Bb5 O-O 10. O-O Nce7 11. Re1 Bf5 12. Ne4 dxe5 13. Nxe5 Ng6 14. Nxg6 Bxg6 15. Qf3 c6 16. Bf1 Qb6 17. Nc5 Qxb2 18. Rad1 Rad8 19. h4 h6 20. h5 Bh7 21. Bd3 Bxd3 22. Rxd3 Rfe8 23. Rxe8+ Rxe8 24. Kh2 Re7 25. Qf5 Qe2 26. Rf3 b6 27. Qc8+ Re8 28.
Qxc6 Nb4 29. Qd7 bxc5 30. Qxf7+ Kh8 31. dxc5 Qe6 32. Qxa7 Qe5+ 33. g3 Qxh5+ 34. Kg2 Re1 35. Qb8+ Kh7 36. g4 Qh1+ 37. Kg3 Rg1+ 38. Kf4 Qh2+ 0-1

[Event "Hasselbacken Open 2021"]
[Site "Stockholm"]
[Date "2021.11.05"]
[Round "1.10"]
[White "Bellon Lopez, Juan Manuel"]
[Black "Lager, Thomas"]
[Result "1-0"]
[ECO "D00"]
[WhiteElo "2326"]
[BlackElo "1832"]
[Annotator "NA"]
[PlyCount "69"]
[EventDate "2021.11.05"]
[EventType "swiss"]
[EventCountry "SWE"]
[SourceTitle "playchess.com"]
[Source "ChessBase"]
[SourceQuality "1"]
[TimeControl "900+5"]

1. d4 Nf6 2. Bg5 d5 3. Bxf6 exf6 4. e3 c5 5. dxc5 Bxc5 6.
c3 O-O 7. Nd2 Nc6 8. Nb3 Bb6 9. Ne2 Bc7 10. g3 Bf5 11. Bg2 Be4 12. O-O Qe7 13. Nbd4 Rad8 14. Nxc6 bxc6 15. Nd4 c5 16. Nc6 Qe6 17. Nxd8 Rxd8 18. Qa4 Bb6 19. Bxe4 dxe4 20. Rad1 Rd3 21. Rxd3 exd3 22. c4 Qe5 23. Qd7 h5 24. Qxd3 Qxb2 25. Qb3 Qe2 26. h4 g5 27. hxg5 fxg5 28. Qd1 Qxc4 29. Qxh5 Bd8 30. Rd1 Bf6 31. Rd6 Kg7 32. Qf3 Qc3 33. Kg2 Qe5 34. Qd5 Qb2 35. Rd7 1-0

[Event "Hasselbacken Open 2021"]
[Site "Stockholm"]
[Date "2021.11.05"]
[Round "3.7"]
[White "Lindgren, Philip"]
[Black "Wahlund, Max"]
[Result "1-0"]
[ECO "E14"]
[WhiteElo "2357"]
[BlackElo "2079"]
[Annotator "ChessBase"]
[PlyCount "55"]
[EventDate "2021.11.05"]
[EventType "swiss"]
[EventCountry "SWE"]
[SourceTitle "playchess.com"]
[Source "ChessBase"]
[SourceQuality "1"]
[TimeControl "900+5"]

1. d4 Nf6 2. c4 e6 3. Nf3 Bb4+ 4. Nbd2 d5 5. e3 O-O 6. Be2 b6 7. O-O Bb7 8. a3 Be7 9. b3 c5 10. dxc5 bxc5 11. Bb2 Nc6 12. cxd5 exd5 13. Qc2 Rc8 14. Rac1 d4 15. exd4 Nxd4 16. Nxd4 cxd4 17. Qd3 Qa5 18. b4 Qg5 19. Nf3 Qh6 20. Qxd4 Be4 21. Qe5 Rce8 22. Bb5 Bxb4 23. Bxe8 Rxe8 24. Qb5 Bxf3 25. Bxf6 Qg6 26.
Qxe8+ Bf8 27. Qxf8+ Kxf8 28. Rc8# 1-0

[Event "Hasselbacken Open 2021"]
[Site "Stockholm"]
[Date "2021.11.05"]
[Round "3.8"]
[White "Lundin, Jan"]
[Black "Kucuksari, Kaan"]
[Result "0-1"]
[ECO "E31"]
[WhiteElo "2164"]
[BlackElo "2331"]
[Annotator "broadcasts"]
[PlyCount "50"]
[EventDate "2021.11.05"]
[EventType "swiss"]
[EventCountry "SWE"]
[TimeControl "900+5"]

1. d4 Nf6 2. c4 e6 3. Nc3 Bb4 4. Bg5 c5 5. d5 h6 6. Bh4 d6 7. Nf3 exd5 8. cxd5 g5 9. Bg3 Ne4 10. Rc1 Qf6 11. Nd2 Nxg3 12. hxg3 Nd7 13. e3 Ne5 14. Be2 g4 15. O-O h5 16. Nde4 Qh6 17.
Nb5 h4 18. Nbxd6+ Kf8 19. f4 gxf3 20. Rxf3 Nxf3+ 21. Bxf3 hxg3 22. Kf1 Qxe3 23. Nxg3 c4 24. Nxc4 Qf4 25. Nh5 Rxh5 0-1

[Event "Hasselbacken Open 2021"]
[Site "Stockholm"]
[Date "2021.11.05"]
[Round "3.9"]
[White "Bellon Lopez, Juan Manuel"]
[Black "Ostlund, Joar"]
[Result "1-0"]
[ECO "D03"]
[WhiteElo "2326"]
[BlackElo "2078"]
[Annotator "ChessBase"]
[PlyCount "87"]
[EventDate "2021.11.05"]
[EventType "swiss"]
[EventCountry "SWE"]
[SourceTitle "playchess.com"]
[Source "ChessBase"]
[SourceQuality "1"]
[TimeControl "900+5"]

1. d4 Nf6 2. Bg5 e6 3. e3 d5 4. Nf3 Be7 5. Nbd2 O-O 6. Bd3 c5 7. c3 b6 8. Ne5 Bb7 9. O-O h6 10. Bxf6 Bxf6 11. f4 Ba6 12. Bxa6 Nxa6 13. a4 Nc7 14. a5 Qe7 15. Qb3 b5 16. Qa3 b4 17. cxb4 cxb4 18. Qa4 Bxe5 19. fxe5 Rac8 20. Rac1 Qg5 21. Rf3 Na6 22. Rc6 Nb8 23. Rxc8 Rxc8 24. Qxb4 Nc6 25. Qb7 Ne7 26. Qxa7 Rc2 27. h4 Qxh4 28. Nf1 Nf5 29. Qb8+ Kh7 30. Qb3 Rc1 31. Qd3 Kg8 32. a6 Ra1 33. b4 Ng3 34.
Rxg3 Qxg3 35. b5 Qe1 36. b6 Qb4 37. b7 Qb6 38. Kh2 g6 39.
Nd2 Qd8 40. Nf3 g5 41. Qb5 Qb8 42. Qc6 Kg7 43. Qc8 Qa7 44. b8=Q 1-0